 Dungeon Crawl Stone Soup version 0.29.1-1-gd02db6906a (webtiles) character file.

Game seed: 3288690552840200873

203 ImASeal the Trooper (level 5, 0/53 HPs)
             Began as a Troll Fighter on Oct 18, 2022.
             Slain by Eustachio
             ... wielding a +0 rapier
              (4 damage)
             ... on level 4 of the Dungeon.
             The game lasted 00:05:13 (2854 turns).

ImASeal the Trooper (Troll Fighter)                 Turns: 2854, Time: 00:05:16

Health: 0/53       AC:  4    Str: 26      XL:     5   Next: 51%
Magic:  4/4        EV: 12    Int:  4      God:
Gold:   172        SH:  7    Dex:  8 (9)  Spells: 4/4 levels left

rFire   . . .      SeeInvis .   a - +0 flail
rCold   . . .      Faith    .   c - +0 kite shield
rNeg    . . .      Spirit   .   b - +0 robe
rPois   +          Reflect  .   (helmet restricted)
rElec   .          Harm     .   (no cloak)
rCorr   .          Rampage  .   (gloves unavailable)
Will    .....                   (boots unavailable)
Stlth   +.........              (no amulet)
HPRegen 0.97/turn               o - ring of poison resistance
MPRegen 0.09/turn               r - +4 ring of evasion

@: no status effects
A: large, unfitting armour, claws 3, regeneration 1, shaggy fur 1, tough skin 1
a: no special abilities


You were on level 4 of the Dungeon.
You visited 1 branch of the dungeon, and saw 4 of its levels.

You collected 172 gold pieces.

Inventory:

Hand Weapons
 a - a +0 flail (weapon)
Missiles
 e - 24 stones (quivered)
 t - 7 poisoned darts
Armour
 b - a +0 robe (worn)
 c - a +0 kite shield (worn)
Jewellery
 o - a ring of poison resistance (left claw)
 r - a +4 ring of evasion (right claw)
 u - a ring of ice
Wands
 d - a wand of roots (9)
Scrolls
 g - 5 scrolls of identify {unknown}
 h - 2 scrolls of noise {unknown}
 j - 3 scrolls of teleportation {unknown}
 k - a scroll of torment {unknown}
 n - a scroll of blinking {unknown}
 p - a scroll of poison {unknown}
 q - 3 scrolls of immolation {unknown}
 v - a scroll of fog {unknown}
 w - a scroll of vulnerability {unknown}
Potions
 f - a potion of mutation {unknown}
 i - a potion of resistance {unknown}
 l - 2 potions of heal wounds {unknown}
 m - a potion of berserk rage {unknown}
 s - a potion of magic {unknown}


   Skills:
 + Level 3.3 Fighting
 + Level 3.3 Maces & Flails
 + Level 3.1 Dodging
 + Level 0.4 Stealth
 + Level 3.3 Shields


You had 4 spell levels left.
You didn't know any spells.
Your spell library contained the following spells:

 Spells                   Type           Power      Damage    Failure   Level
 Apportation              Tloc           0%         N/A       80%         1
 Alistair's Intoxication  Tmut/Pois      0%         N/A       100%        5
 Malign Gateway           Summ/Tloc      0%         N/A       100%        7
 Summon Horrible Things   Summ           0%         N/A       100%        8


Dungeon Overview and Level Annotations

Branches:
Dungeon (4/15)
 Temple: D:4-7

Altars:
Fedhas
Okawaru
Yredelemnul
The Shining One

Shops:
D:3 (

Annotations:
D:4 Eustachio


Innate Abilities, Weirdness & Mutations

You are too large for most types of armour.
You have claws for hands.
Your natural rate of healing is unusually fast.
You are covered in fur. (AC +1)
You have tough skin. (AC +1)


Message History

The quokka attacks as you move away! The quokka misses you.
The ufetubus attacks as you move away!
The ufetubus hits you but does no damage.
The ufetubus closely misses you.
The ufetubus hits you but does no damage.
The ufetubus barely misses you.
Eustachio mumbles some strange words.
You block the bat's attack. The bat hits you but does no damage.
The ufetubus attacks as you move away! You block the ufetubus's attack.
The ufetubus closely misses you. You block the bat's attack.
The ufetubus hits you.
* * * LOW HITPOINT WARNING * * *
The ufetubus closely misses you. The bat barely misses you.
You see here a potion of curing.
Found a scroll labelled MIMEIT TATWUM.
The shadow imp disappears in a puff of smoke!
The ufetubus disappears in a puff of smoke!
The bat misses you. The bat closely misses you. You block the bat's attack.
The bat attacks as you move away! The bat barely misses you.
The bat completely misses you. The bat hits you but does no damage.
You hit Eustachio.
Eustachio is almost dead.
The quasit disappears in a puff of smoke!
You block the bat's attack. The bat hits you but does no damage.
Eustachio hits you with a +0 rapier!
* * * LOW HITPOINT WARNING * * *
You hit Eustachio but do no damage.
Eustachio is almost dead.
The bat hits you but does no damage. The bat misses you.
You block the goblin's attack. Eustachio hits you with a +0 rapier.
* * * LOW HITPOINT WARNING * * *
You barely miss Eustachio.
Eustachio is almost dead.
The bat closely misses you. x2; Eustachio hits you with a +0 rapier.
* * * LOW HITPOINT WARNING * * *
The goblin hits you with a +0 club.
* * * LOW HITPOINT WARNING * * *
Eustachio hits you with a +0 rapier.
You die...

#.##... #.#>....).
......### ##.#......#.
#......###.....###...#
##.........r5#......... #.
...#....###....##.....
...##.#..#ยง..............
#.....b.!.........#.....
...#..r#@.........#.....
#.#.@gr..............
.......##...............
..#.##b###.#..##.##.....
.... #.# #..............
.. #.# #..............
?..#...............
...#............... ..
#...............
.................


You could see Eustachio, a quokka (summoned), a goblin, 2 bats and a rat
(summoned).

Vanquished Creatures
  A scorpion (D:4)
  Ijyb (D:3)
  3 gnolls (D:4)
  An adder (D:3)
  A white imp (D:3)
  A worm (D:2)
  An orc (D:4)
  8 ball pythons
  7 endoplasms
  7 giant cockroaches
  8 goblins
  8 hobgoblins
  2 kobolds (D:2)
  3 quokkas
  6 bats
  3 frilled lizards
  8 rats
69 creatures vanquished.

Notes
Turn   | Place    | Note
-------+----------+-------------------------------------------
     0 | D:1      | ImASeal the Troll Fighter began the quest for the Orb.
     0 | D:1      | Reached XP level 1. HP: 22/22 MP: 0/0
   191 | D:1      | Reached XP level 2. HP: 29/29 MP: 1/1
   215 | D:1      | Found a faded altar of an unknown god.
   537 | D:1      | Reached XP level 3. HP: 36/36 MP: 2/2
  1745 | D:3      | Found Oxaugo's Antique Weapon Boutique.
  1768 | D:3      | Reached XP level 4. HP: 22/44 MP: 3/3
  1920 | D:3      | Found a basalt altar of Yredelemnul.
  1923 | D:3      | Found a glowing golden altar of the Shining One.
  1924 | D:3      | Found an iron altar of Okawaru.
  1924 | D:3      | Found a blossoming altar of Fedhas.
  2128 | D:3      | Noticed Ijyb
  2138 | D:3      | HP: 1/44 [adder (2)]
  2154 | D:3      | Killed Ijyb
  2693 | D:4      | Noticed a scorpion
  2710 | D:4      | Killed a scorpion
  2711 | D:4      | Reached XP level 5. HP: 42/53 MP: 4/4
  2815 | D:4      | Noticed Eustachio
  2854 | D:4      | Slain by Eustachio

Illustrated notes

Levels and vault maps discovered:
D:1:      dpeg_arrival_signposts, layout_basic,
          hellmonk_ecumenical_altar_heavens_door, chequers_serial_rivers_room_a
D:2:      layout_loops_ring
D:3:      layout_basic, grunt_temple_overflow_open, serial_shops,
          nicolae_shop_advertising_works [nicolae_subvault_shop_adworks],
          st_stairs_5, roderic_serpentine_path, chequers_garden, uniq_ijyb
D:4:      layout_rooms, uniq_eustachio

Skill      XL: |  1  2  3  4 |
---------------+-------------+-----
Maces & Flails | 2 3 |  3.3
Shields        | 3 |  3.3
Fighting       | 3 |  3.3
Dodging        | 3 |  3.1
Stealth        | |  0.4

Action                   |  1- 3 |  4- 6 || total
-------------------------+-------+-------++-------
Melee: Flail             |   153 |    74 ||   227
Throw: Stone             |     4 |     6 ||    10
  Use: Potion            |       |     4 ||     4
Armor: Robe              |    64 |    35 ||    99
Dodge: Dodged            |    44 |    92 ||   136
Block: Kite shield       |    62 |    50 ||   112
